 Dungeon Crawl Stone Soup version 0.30.0-20-g3615ddf2f0 (webtiles) character file.

Game seed: 17059323134199128941

203 qw the Chopper (level 5, -1/32 HPs)
             Began as a Gargoyle Fighter on June 1, 2023.
             Slain by Menkaure (6 damage)
             ... on level 4 of the Dungeon.
             The game lasted 00:01:13 (2347 turns).

qw the Chopper (Gargoyle Fighter)                   Turns: 2347, Time: 00:01:14

Health: -1/32      AC: 14    Str: 21    XL:     5   Next: 81%
Magic:  0/5        EV: 12    Int:  9    God:
Gold:   203        SH:  4    Dex:  9    Spells: 4/4 levels left

rFire   . . .        Y - +1 war axe (venom)
rCold   . . .        c - +0 buckler
rNeg    + . .        s - +0 chain mail
rPois   inf          (no helmet)
rElec   +            (no cloak)
rCorr   .            (no gloves)
SInv    .            b - +0 pair of boots
Will    .....        f - amulet of guardian spirit Stlth
                     j - +5 ring of evasion
HPRegen 0.25/turn    (no ring)
MPRegen 0.09/turn

%: guardian spirit
@: about to teleport
A: sickness immunity, AC +4, negative energy resistance 1, electricity
resistance, torment resistance 1, petrification resistance
a: no special abilities


You were on level 4 of the Dungeon.
You visited 1 branch of the dungeon, and saw 4 of its levels.

You collected 203 gold pieces.


Innate Abilities, Weirdness & Mutations

You are immune to sickness and miasma.
Your stone body is resilient. (AC +4)
You are immune to poison.
You resist negative energy. (rN+)
You are resistant to electric shocks. (rElec)
You are resistant to unholy torment.
You are immune to petrification.


   Skills:
 + Level 3.2 Fighting
 - Level 5.3 Axes
 - Level 3.2 Armour
 - Level 3.2 Shields


You had 4 spell levels left.
You didn't know any spells.
Your spell library was empty.

Inventory:

Hand Weapons
 h - a +0 whip
 Y - a +1 war axe of venom (weapon)
Armour
 b - a +0 pair of boots (worn)
 c - a +0 buckler (worn)
 s - a +0 chain mail (worn)
Jewellery
 f - an amulet of guardian spirit (around neck)
 j - a +5 ring of evasion (left hand)
Scrolls
 a - a scroll of identify
Potions
 d - a potion of might
 e - a potion of resistance
 i - a potion of attraction
 k - a potion of lignification
 m - a potion of haste

Dungeon Overview and Level Annotations

Branches:
Dungeon (4/15)
 Temple: D:4-7

Altars:
Sif Muna

Annotations:
D:4 Menkaure


Message History

The black bear claws you but does no damage.
The black bear misses you.
The black bear claws you but does no damage.
The black bear claws you.
You slash the black bear!
The black bear is almost dead.
You hit Menkaure.
You kill the black bear!
Menkaure mumbles some strange words.
Menkaure seems to speed up.
Your Axes skill increases to level 5!
You have reached level 5!
You hit Menkaure but do no damage.
Menkaure is lightly damaged.
Menkaure closely misses you.
You barely miss Menkaure.
Menkaure is lightly damaged.
Menkaure misses you. Menkaure hits you.
You hit Menkaure but do no damage.
Menkaure is lightly damaged.
Menkaure calls on the powers of darkness!
Your body is wracked with pain!
Menkaure misses you.
You barely miss Menkaure.
Menkaure is lightly damaged.
Menkaure barely misses you.
You barely miss Menkaure.
Menkaure is lightly damaged.
Menkaure hits you!
You hit Menkaure.
Menkaure is moderately damaged.
Menkaure grins.
Menkaure gestures at you while chanting.
Pain shoots through your body! Menkaure hits you but does no damage.
You hit Menkaure.
Menkaure is moderately damaged.
Menkaure hits you.
2347 ||| READING scroll of teleportation.
As you read the scroll of teleportation, it crumbles to dust.
You feel strangely unstable. Menkaure hits you!
You die...

### # ..# .. #.#
####.#####.########
......%@...#<%....##.
......M..............
###......####......#.
.........# #......#
.##......# #......#
#......# #........
#).....# #......##
#......# #......#
#......# #......#


You could see Menkaure (fast).

Vanquished Creatures
  A black bear (D:4)
  4 adders
  3 dart slugs
  An orc (D:3)
  7 bats
  4 endoplasms
  2 giant cockroaches
  10 goblins
  4 hobgoblins
  4 jackals (D:2)
  4 quokkas
  5 ball pythons
  A frilled lizard (D:1)
  4 kobolds
  5 rats
59 creatures vanquished.

Notes
Turn   | Place    | Note
-------+----------+-------------------------------------------
     0 | D:1      | qw the Gargoyle Fighter began the quest for the Orb.
     0 | D:1      | Reached XP level 1. HP: 14/14 MP: 1/1
     0 | D:1      | 0 ||| qw: Version: 0.2-a-102-gdf20003
     0 | D:1      | 0 ||| qw: Game counter: 724
     0 | D:1      | 0 ||| qw: Always use a shield: true
     0 | D:1      | 0 ||| qw: God list: Okawaru
     0 | D:1      | 0 ||| qw: Allow faded altars: false
     0 | D:1      | 0 ||| qw: Do Orc after D:15 true
     0 | D:1      | 0 ||| qw: Do second Lair branch before Depths: true
     0 | D:1      | 0 ||| qw: Lair rune preference: random
     0 | D:1      | 0 ||| qw: Plans: Normal, Zot:1-4, Slime:5, God:TSO, Crypt,
                  | Tomb, Pan, Hells, Abyss, Win
     0 | D:1      | 0 ||| PLANNING D:1-11
    84 | D:1      | Reached skill level 2 in Axes
   179 | D:1      | Reached XP level 2. HP: 12/19 MP: 2/2
   255 | D:1      | 255 ||| DROPPING +0 club.
   512 | D:1      | Reached skill level 3 in Axes
   619 | D:1      | Reached XP level 3. HP: 23/23 MP: 3/3
   641 | D:1      | 641 ||| Stepping ~*~*~tactically~*~*~ (hiding).
   790 | D:1      | 790 ||| UPGRADING to amulet of guardian spirit.
   795 | D:1      | 795 ||| UPGRADING to +5 ring of evasion.
   796 | D:1      | 796 ||| READING 2 scrolls labelled TID WINEIMUM.
   797 | D:1      | 797 ||| READING 2 scrolls labelled PUR YWEIFFUAJUD.
   877 | D:2      | 877 ||| Stepping ~*~*~tactically~*~*~ (stealth).
  1105 | D:2      | 1105 ||| Stepping ~*~*~tactically~*~*~ (hiding).
  1448 | D:2      | 1448 ||| UPGRADING to +0 swamp dragon scales.
  1458 | D:2      | 1458 ||| DROPPING +0 scale mail.
  1459 | D:2      | 1459 ||| READING scroll labelled YSUESO KUTARU.
  1460 | D:2      | 1460 ||| READING scroll labelled ORUCUO CAHONOQ.
  1531 | D:3      | 1531 ||| Stepping ~*~*~tactically~*~*~ (stealth).
  1544 | D:3      | 1544 ||| Stepping ~*~*~tactically~*~*~ (stealth).
  1611 | D:3      | Reached XP level 4. HP: 28/28 MP: 4/4
  1623 | D:3      | 1623 ||| Stepping ~*~*~tactically~*~*~ (hiding).
  1749 | D:3      | Reached skill level 4 in Axes
  1843 | D:3      | Found a shimmering blue altar of Sif Muna.
  2254 | D:3      | 2254 ||| UPGRADING to +0 pair of boots.
  2259 | D:3      | 2259 ||| DROPPING +2 ring mail of willpower.
  2260 | D:3      | 2260 ||| UPGRADING to +0 chain mail.
  2270 | D:3      | 2270 ||| DROPPING +0 swamp dragon scales.
  2271 | D:3      | 2271 ||| READING scroll labelled LIULAD DELEM.
  2290 | D:3      | 2290 ||| READING scroll labelled XITOAC UXIUS.
  2291 | D:3      | 2291 ||| READING scroll labelled SAOMOU NOMM.
  2292 | D:3      | 2292 ||| READING 6 scrolls of identify.
  2292 | D:3      | 2292 ||| IDENTIFYING smoky black potion
  2293 | D:3      | 2293 ||| READING 5 scrolls of identify.
  2293 | D:3      | 2293 ||| IDENTIFYING amethyst potion
  2294 | D:3      | 2294 ||| READING 4 scrolls of identify.
  2294 | D:3      | 2294 ||| IDENTIFYING fizzy pink potion
  2295 | D:3      | 2295 ||| READING 3 scrolls of identify.
  2295 | D:3      | 2295 ||| IDENTIFYING red potion
  2296 | D:3      | 2296 ||| READING 2 scrolls of identify.
  2296 | D:3      | 2296 ||| IDENTIFYING fizzy green potion
  2297 | D:3      | 2297 ||| DROPPING potion of flight.
  2331 | D:4      | Noticed a black bear
  2336 | D:4      | Noticed Menkaure
  2339 | D:4      | Killed a black bear
  2340 | D:4      | Reached skill level 5 in Axes
  2340 | D:4      | Reached XP level 5. HP: 28/32 MP: 5/5
  2346 | D:4      | HP: 5/32 [Menkaure (4)]
  2347 | D:4      | 2347 ||| READING scroll of teleportation.
  2347 | D:4      | Slain by Menkaure

Levels and vault maps discovered:
D:1:      dreamdust_arrival_beginning_and_end, layout_basic
D:2:      layout_basic, dk_noncrumbling_3
D:3:      layout_loops_ring, nicolae_overflow_hidden_temple
D:4:      layout_basic, nicolae_overflow_crystal_walls,
          minmay_temple_entry_glassed_door, uniq_menkaure

Skill      XL: |  1  2  3  4 |
---------------+-------------+-----
Axes           | 2 3 5 |  5.3
Fighting       | |  3.2
Armour         | |  3.2
Shields        | |  3.2

Action                     |  1- 3 |  4- 6 || total
---------------------------+-------+-------++-------
  Melee: War axe           |   133 |    51 ||   184
    Use: Scroll            |     4 |     9 ||    13
 Armour: Scale mail        |    49 |       ||    49
         Swamp dragon scal |     4 |    16 ||    20
         Chain mail        |       |     7 ||     7
  Dodge: Dodged            |    77 |    44 ||   121
  Block: Buckler           |    24 |     9 ||    33

Table legend:
 A = Non-vault XP
 B = Vault XP
 C = Vault XP percentage of total XP
 D = Non-vault monster count
 E = Vault monster count
 F = Vault count percentage of total count
                 A         B        C        D         E       F
            +---------+---------+-------+---------+---------+-------
      Total |     291 |       0 |   0.0 |      59 |       0 |   0.0
            +---------+---------+-------+---------+---------+-------
        D:1 |      48 |       0 |   0.0 |      26 |       0 |   0.0
        D:2 |      19 |       0 |   0.0 |      11 |       0 |   0.0
        D:3 |      70 |       0 |   0.0 |      19 |       0 |   0.0
        D:4 |     154 |       0 |   0.0 |       3 |       0 |   0.0
            +---------+---------+-------+---------+---------+-------
